 Dungeon Crawl Stone Soup version 0.31-a0-662-g684573625c (console) character file.

Game seed: 6783114240254695941

5079 jejorda2 the Cleaver (level 10, -6/133 (135) HPs)
             Began as a Gnoll Berserker on Sept 1, 2023.
             Was a Believer of Trog.
             Killed from afar by a rime drake (9 damage)
             ... with an icy flash freeze
             ... on level 8 of the Dungeon.
             The game lasted 00:17:29 (7331 turns).

jejorda2 the Cleaver (Gnoll Berserker)              Turns: 7331, Time: 00:17:29

HP:   -6/133 (135)  AC: 17    Str: 21    XL:     10   Next: 56%
MP:   18/18         EV:  8    Int:  7    God:    Trog [**....]
Gold: 514           SH:  0    Dex: 11    Spells: 20/20 levels left

rFire   . . .        a - +0 hand axe
rCold   . . .        (no shield)
rNeg    . . .        h - +0 plate armour
rPois   +            (no helmet)
rElec   .            B - +2 cloak
rCorr   .            c - +0 pair of gloves
SInv    .            (no boots)
Will    +....        (no amulet) Stlth
                     r - ring of willpower
HPRegen 0.42/turn    w - ring of poison resistance
MPRegen 0.16/turn

%: no passive effects
@: berserking, hasted, lightly drained, very quick
A: fangs 1, strong nose, distributed training, deterioration 1, robust 1
a: Renounce Religion, Berserk, Trog's Hand


You were on level 8 of the Dungeon.
You worshipped Trog.
Trog was pleased with you.
You visited 1 branch of the dungeon, and saw 8 of its levels.

You collected 514 gold pieces.

Inventory:

Hand Weapons
 a - a +0 hand axe (weapon)
 e - a +0 dire flail
Missiles
 j - 9 poisoned darts
 s - 6 boomerangs (quivered)
 C - a throwing net
Armour
 c - a +0 pair of gloves (worn)
 h - a +0 plate armour (worn)
 u - a +2 scale mail of fire resistance
 B - a +2 cloak (worn)
Jewellery
 r - a ring of willpower (left hand)
 w - a ring of poison resistance (right hand)
 A - a ring of ice
Wands
 g - a wand of roots (8)
 k - a wand of quicksilver (8)
 y - a wand of charming (12)
Scrolls
 d - 3 scrolls of teleportation
 l - a scroll of enchant armour {unknown}
 m - 3 scrolls of fear
 t - a scroll of vulnerability
 z - a scroll of immolation
Potions
 b - 2 potions of degeneration
 f - a potion of berserk rage {unknown}
 i - a potion of mutation
 n - 3 potions of curing
 o - 2 potions of might
 v - a potion of lignification


   Skills:
 + Level 8.6 Fighting
 + Level 5.5 Short Blades
 + Level 5.5 Long Blades
 + Level 8.6 Axes
 + Level 5.5 Maces & Flails
 + Level 5.5 Polearms
 + Level 5.5 Staves
 + Level 5.5 Ranged Weapons
 + Level 5.5 Throwing
 + Level 7.2 Armour
 + Level 7.2 Dodging
 + Level 5.5 Stealth
 + Level 5.5 Shields
 + Level 5.5 Unarmed Combat
 + Level 5.5 Spellcasting
 + Level 4.5 Conjurations
 + Level 4.5 Hexes
 + Level 4.5 Summonings
 + Level 4.5 Necromancy
 + Level 4.5 Translocations
 + Level 4.5 Transmutations
 + Level 4.5 Fire Magic
 + Level 4.5 Ice Magic
 + Level 4.5 Air Magic
 + Level 4.5 Earth Magic
 + Level 4.5 Poison Magic
 + Level 6.0 Invocations
 + Level 5.5 Evocations
 + Level 5.0 Shapeshifting


You had 20 spell levels left.
You didn't know any spells.
Your spell library was empty.

Dungeon Overview and Level Annotations

Branches:
Dungeon (8/15)             Temple (0/1) D:6
   Lair: D:8-11

Altars:
Dithmenos
Elyvilon
Gozag
Hepliaklqana
Kikubaaqudgha
Makhleb
Qazlal
Ru
Vehumet
Yredelemnul


Innate Abilities, Weirdness & Mutations

You have very sharp teeth.
Your uncanny sense of smell can sniff out nearby items.
Your experience applies equally to all skills.
Your body sometimes deteriorates upon taking damage.
You are robust. (+10% HP)


Message History

The rime drake closely misses you.
You barely miss the rime drake.
The rime drake is severely wounded.
The ice encasing you melts away. The rime drake bites you.
* * * LOW HITPOINT WARNING * * *
You feel yourself speed up.
The rime drake bites you but does no damage.
A red film seems to cover your vision as you go berserk!
You feel yourself moving faster!
You feel mighty!
Your skin stops crawling.
You feel less strong-willed. The rime drake breathes ice at you.
The icy flash freeze hits you!
* * * LOW HITPOINT WARNING * * *
You are encased in ice.
You closely miss the rime drake.
The rime drake is severely wounded.
The rime drake closely misses you.
You hit the rime drake but do no damage.
The rime drake is severely wounded.
You miss the rime drake. Your bite misses the rime drake.
The rime drake is severely wounded.
The rime drake bites you.
* * * LOW HITPOINT WARNING * * *
You completely miss the rime drake.
The rime drake is severely wounded.
The rime drake bites you but does no damage.
You hit the rime drake. You bite the rime drake.
The rime drake is severely wounded.
You barely miss the rime drake.
The rime drake is severely wounded.
The rime drake barely misses you.
You closely miss the rime drake.
The rime drake is severely wounded.
You closely miss the rime drake.
The rime drake is severely wounded.
The ice encasing you melts away. The rime drake breathes ice at you.
The icy flash freeze hits you!
You die...

.....# ...=.~
...... #.#...#
#..... .#.....
###
....#.K#####...#
......KKKk@..#
.#....KK####...#
##.....# ###
#......#
#.....### ......
...... ....##
...#


You could see a rime drake (catching breath) and 6 kobolds.

Vanquished Creatures
  Pikel (D:5)
  Maurice (D:8)
  The ghost of dialectric the Trooper, an amateur DsFi (D:6)
  A hornet (D:6)
  A wyvern (D:8)
  5 yaks (D:8)
  A vampire (D:6)
  Edmund (D:6)
  A water moccasin (D:7)
  An orc warrior (D:7)
  An ice beast (D:7)
  A black bear (D:4)
  3 ogres
  2 centaurs (D:7)
  2 lemures (D:5)
  A kobold brigand (D:8)
  A bullfrog (D:8)
  3 scorpions
  10 wights
  10 killer bees (D:7)
  2 hounds
  4 jellies
  A sleepcap (D:7)
  3 orc priests
  An iguana (D:4)
  5 orc wizards
  11 gnolls
  9 adders
  A shadow imp (D:5)
  A white imp (D:7)
  2 ufetubi
  4 dart slugs
  13 orcs
  5 ball pythons (D:1)
  4 endoplasms
  3 giant cockroaches
  9 goblins
  4 hobgoblins
  3 jackals (D:1)
  7 quokkas
  5 bats
  3 frilled lizards
  11 kobolds
  7 rats
166 creatures vanquished.

Vanquished Creatures (others)
  An orc wizard (D:4)
  A butterfly (D:7)
2 creatures vanquished.

Grand Total: 168 creatures vanquished

Notes
Turn   | Place    | Note
-------+----------+-------------------------------------------
     0 | D:1      | jejorda2 the Gnoll Berserker began the quest for the Orb.
     0 | D:1      | Reached XP level 1. HP: 23/23 MP: 1/1
    91 | D:1      | Reached XP level 2. HP: 24/29 MP: 2/2
   183 | D:1      | You fall into a shaft and drop 1 floor!
   192 | D:2      | Found a sacrificial altar of Ru.
   322 | D:2      | Found a faded altar of an unknown god.
   406 | D:1      | Reached XP level 3. HP: 28/35 MP: 3/3
   517 | D:1      | Reached skill level 1 in Invocations
   533 | D:1      | Reached ** piety under Trog
  1018 | D:2      | Reached skill level 1 in Short Blades
  1018 | D:2      | Reached skill level 1 in Long Blades
  1018 | D:2      | Reached skill level 1 in Maces & Flails
  1018 | D:2      | Reached skill level 1 in Polearms
  1018 | D:2      | Reached skill level 1 in Staves
  1018 | D:2      | Reached skill level 1 in Ranged Weapons
  1018 | D:2      | Reached skill level 1 in Throwing
  1018 | D:2      | Reached skill level 1 in Stealth
  1018 | D:2      | Reached skill level 1 in Shields
  1018 | D:2      | Reached skill level 1 in Unarmed Combat
  1018 | D:2      | Reached skill level 1 in Spellcasting
  1018 | D:2      | Reached skill level 1 in Evocations
  1409 | D:3      | Reached skill level 1 in Shapeshifting
  1409 | D:3      | Reached XP level 4. HP: 41/41 MP: 5/5
  1767 | D:3      | Reached skill level 1 in Conjurations
  1767 | D:3      | Reached skill level 1 in Hexes
  1767 | D:3      | Reached skill level 1 in Summonings
  1767 | D:3      | Reached skill level 1 in Necromancy
  1767 | D:3      | Reached skill level 1 in Translocations
  1767 | D:3      | Reached skill level 1 in Transmutations
  1767 | D:3      | Reached skill level 1 in Fire Magic
  1767 | D:3      | Reached skill level 1 in Ice Magic
  1767 | D:3      | Reached skill level 1 in Air Magic
  1767 | D:3      | Reached skill level 1 in Earth Magic
  1767 | D:3      | Reached skill level 1 in Poison Magic
  1825 | D:3      | Reached XP level 5. HP: 46/47 MP: 6/6
  2307 | D:4      | Reached XP level 6. HP: 33/53 MP: 8/8
  2708 | D:4      | Reached skill level 5 in Armour
  2708 | D:4      | Reached skill level 5 in Dodging
  2829 | D:4      | Noticed a black bear
  2856 | D:4      | Killed a black bear
  3083 | D:4      | Reached XP level 7. HP: 59/59 MP: 10/10
  3204 | D:5      | Entered Level 5 of the Dungeon
  3221 | D:5      | Found a radiant altar of Vehumet.
  3414 | D:5      | Noticed Pikel
  3438 | D:5      | Killed Pikel
  3439 | D:5      | Reached XP level 8. HP: 63/67 MP: 10/12
  3483 | D:5      | Found a shadowy altar of Dithmenos.
  3940 | D:6      | Found the +3 giant club "Skullcrusher" {speed, Str+7}
  4178 | D:6      | Found a staircase to the Ecumenical Temple.
  4234 | D:6      | Found a runed translucent gate.
  4235 | D:6      | Found a runed translucent gate.
  4235 | D:6      | Found a runed translucent gate.
  4236 | D:6      | Found an opulent altar of Gozag.
  4237 | D:6      | Noticed dialectric's ghost (amateur DsFi)
  4237 | D:6      | Noticed a hornet
  4237 | D:6      | Noticed a vampire
  4301 | D:6      | Noticed Edmund
  4318 | D:6      | Killed Edmund
  4405 | D:6      | Found a burning altar of Makhleb.
  4523 | D:6      | Killed a hornet
  4524 | D:6      | Reached XP level 9. HP: 73/73 MP: 14/14
  4579 | D:6      | Gained mutation: Your body sometimes deteriorates upon
                  | taking damage. [potion of mutation]
  4579 | D:6      | Gained mutation: You are robust. (+10% HP) [potion of
                  | mutation]
  4603 | D:6      | Killed dialectric's ghost
  4956 | D:7      | Found a basalt altar of Yredelemnul.
  5123 | D:7      | Found a white marble altar of Elyvilon.
  5456 | D:7      | Found an ancient bone altar of Kikubaaqudgha.
  5610 | D:7      | Reached skill level 5 in Invocations
  6055 | D:7      | Found a stormy altar of Qazlal.
  6286 | D:7      | Reached XP level 10. HP: 88/88 MP: 17/17
  6434 | D:7      | Reached skill level 5 in Short Blades
  6434 | D:7      | Reached skill level 5 in Long Blades
  6434 | D:7      | Reached skill level 5 in Maces & Flails
  6434 | D:7      | Reached skill level 5 in Polearms
  6434 | D:7      | Reached skill level 5 in Staves
  6434 | D:7      | Reached skill level 5 in Ranged Weapons
  6434 | D:7      | Reached skill level 5 in Throwing
  6434 | D:7      | Reached skill level 5 in Stealth
  6434 | D:7      | Reached skill level 5 in Shields
  6434 | D:7      | Reached skill level 5 in Unarmed Combat
  6434 | D:7      | Reached skill level 5 in Spellcasting
  6434 | D:7      | Reached skill level 5 in Evocations
  6692 | D:8      | Noticed Maurice
  6700 | D:8      | Killed Maurice
  7168 | D:8      | Reached skill level 5 in Shapeshifting
  7229 | D:8      | Found a hazy altar of Hepliaklqana.
  7323 | D:8      | HP: 5/133 [rime drake/icy flash freeze (15)]
  7326 | D:8      | HP: 2/133 [rime drake (4)]
  7331 | D:8      | Killed from afar by a rime drake

Illustrated notes

Levels and vault maps discovered:
D:1:      evilmike_arrival_home_sweet_home, layout_basic
D:2:      layout_loops_ring, basic_altar, shapermc_ecumenical_altar_pompeii
D:3:      layout_basic
D:4:      layout_basic
D:5:      layout_cave_pools, lemuel_round_altar, vehumet_crystals, uniq_pikel
D:6:      layout_gridville, lightli_temple_of_fire,
          minmay_temple_entry_antechambers, ebering_ghost_gozag, uniq_edmund
D:7:      layout_gridville, kiku_gazebo_pond_becter,
          mainiacjoe_overflow_catwalk, nicolae_qazlal_general_emergency,
          nicolae_elyvilon_peaceful_grove, kennysheep_cross_room,
          amcnicky_mini_pool_small
D:8:      layout_loops_cross, mainiacjoe_overflow_cross_hatched,
          lemuel_crystal_altar, overflow_temple_1_default,
          hellmonk_lair_entry_icy, uniq_maurice

Skill      XL: |  1  2  3  4  5  6  7  8  9 10 |
---------------+-------------------------------+-----
Invocations    | 1 2 3 4 5 6 |  6.0
Short Blades   | 1 2 3 4 5 |  5.5
Long Blades    | 1 2 3 4 5 |  5.5
Maces & Flails | 1 2 3 4 5 |  5.5
Polearms       | 1 2 3 4 5 |  5.5
Staves         | 1 2 3 4 5 |  5.5
Ranged Weapons | 1 2 3 4 5 |  5.5
Throwing       | 1 2 3 4 5 |  5.5
Stealth        | 1 2 3 4 5 |  5.5
Shields        | 1 2 3 4 5 |  5.5
Unarmed Combat | 1 2 3 4 5 |  5.5
Spellcasting   | 1 2 3 4 5 |  5.5
Evocations     | 1 2 3 4 5 |  5.5
Shapeshifting  | 1 2 3 4 5 |  5.0
Conjurations   | 1 2 3 4 |  4.5
Hexes          | 1 2 3 4 |  4.5
Summonings     | 1 2 3 4 |  4.5
Necromancy     | 1 2 3 4 |  4.5
Translocations | 1 2 3 4 |  4.5
Transmutations | 1 2 3 4 |  4.5
Fire Magic     | 1 2 3 4 |  4.5
Ice Magic      | 1 2 3 4 |  4.5
Air Magic      | 1 2 3 4 |  4.5
Earth Magic    | 1 2 3 4 |  4.5
Poison Magic   | 1 2 3 4 |  4.5
Armour         | 5 6 7 |  7.2
Dodging        | 5 6 7 |  7.2
Fighting       | 7 8 |  8.6
Axes           | 7 8 |  8.6

Action                     |  1- 3 |  4- 6 |  7- 9 | 10-12 || total
---------------------------+-------+-------+-------+-------++-------
  Melee: Hand axe          |   117 |   193 |   353 |   183 ||   846
         Bite              |     7 |    23 |    42 |    32 ||   104
         Punch             |     3 |     3 |     9 |    10 ||    25
  Throw: Boomerang         |       |       |     5 |       ||     5
         Throwing net      |       |       |     2 |       ||     2
 Invoke: Berserk           |     1 |     4 |    14 |     6 ||    25
         Trog's Hand       |       |     3 |     5 |     4 ||    12
  Evoke: Wand              |       |       |     3 |       ||     3
    Use: Scroll            |       |       |    10 |     1 ||    11
         Potion            |       |       |     6 |     2 ||     8
   Stab: Sleeping          |     1 |       |       |       ||     1
         Invisible         |       |       |     4 |       ||     4
 Armour: Animal skin       |    45 |       |       |       ||    45
         Plate armour      |    23 |   201 |   359 |   165 ||   748
  Dodge: Dodged            |    68 |    62 |   134 |    61 ||   325

Table legend: (Time is in decaauts)
 A = Elapsed time spent in this place.
 B = Non-inter-level travel time spent in this place.
 C = Inter-level travel time spent in this place.
 D = Time resting spent in this place.
 E = Time spent auto-exploring this place.
 F = Levels seen in this place.
 G = Mean time per level.
                   A        B        C        D        E       F      G
               +--------+--------+--------+--------+--------+-----+--------+
         Total |   7473 |   7170 |    303 |   1092 |   4643 |   8 |  934.1 |
       Dungeon |   7473 |   7170 |    303 |   1092 |   4643 |   8 |  934.1 |
               +--------+--------+--------+--------+--------+-----+--------+

Top non-repeatable levels by time:
     D:7: 1583 daAuts
     D:6: 1361 daAuts
     D:4: 1011 daAuts
     D:3: 853 daAuts
     D:1: 751 daAuts
     D:8: 716 daAuts
     D:2: 615 daAuts
     D:5: 578 daAuts
